 Dungeon Crawl Stone Soup version 0.31.0-9-g3a7656b989 (webtiles) character file.

Game seed: 1542827052396469441

45 qw the Shooter (level 3, -1/20 HPs)
             Began as a Deep Elf Hunter on Feb 2, 2024.
             Slain by Terence
             ... wielding a +0 mace
              (9 damage)
             ... on level 1 of the Dungeon.
             The game lasted 00:00:02 (761 turns).

qw the Shooter (Deep Elf Hunter)                     Turns: 761, Time: 00:00:02

Health: -1/20      AC:  3    Str: 10    XL:     3   Next: 42%
Magic:  5/5        EV: 12    Int: 13    God:
Gold:   53         SH:  0    Dex: 18    Spells: 2/2 levels left

rFire   . . .        a - +0 shortbow
rCold   . . .        (shield currently unavailable)
rNeg    . . .        c - +0 leather armour
rPois   .            (no helmet)
rElec   .            (no cloak)
rCorr   .            (no gloves)
SInv    .            (no boots)
Will    .....        (no amulet)
Stlth   ++           (no ring)
HPRegen 0.23/turn    (no ring)
MPRegen 0.09/turn

%: no passive effects
@: no status effects
A: no striking features
a: no special abilities


You were on level 1 of the Dungeon.
You visited 1 branch of the dungeon, and saw 2 of its levels.

You collected 53 gold pieces.


   Skills:
 - Level 1.5 Fighting
 + Level 7.0 Ranged Weapons
 - Level 2.4 Dodging
 - Level 1.2 Stealth


You had 2 spell levels left.
You didn't know any spells.
Your spell library was empty.

Inventory:

Hand Weapons
 a - a +0 shortbow (weapon)
Armour
 c - a +0 leather armour (worn)
Potions
 e - a potion of degeneration {unknown}
 g - a potion of heal wounds {unknown}
 i - a potion of resistance {unknown}

Dungeon Overview and Level Annotations

Branches:
Dungeon (2/15)

Altars:

Annotations:
D:1 Terence


Message History

727 ||| READING scroll labelled WEUBUO LOAHENOGG.
As you read the scroll labelled WEUBUO LOAHENOGG, it crumbles to dust.
It is a scroll of amnesia.
You feel forgetful for a moment.
Done exploring.
728 ||| READING scroll labelled DAMIPE QUPNI.
As you read the scroll labelled DAMIPE QUPNI, it crumbles to dust.
You feel momentarily disoriented.
It was a scroll of revelation.
Done exploring.
729 ||| DROPPING scroll of butterflies.
You drop a scroll of butterflies.
Done exploring.
What level of the Dungeon? (default 1, ? - help)
Things that are here:
a +0 club; a goblin corpse
Things that are here:
a giant cockroach corpse; a bat corpse
There is a stone staircase leading down here.
You climb downwards.
Terence shouts!
The frilled lizard hisses angrily.
Found 10 gold pieces.
There is a stone staircase leading up here.
There are monsters nearby!
Waypoint 1 assigned to D:2.
You shoot an arrow. The arrow barely misses Terence.
The goblin shouts!
756 ||| STAIRDANCE Terence hits you with a +0 mace.
You climb upwards.
There is a stone staircase leading down here.
You shoot an arrow.
The arrow hits Terence but does no damage.
Terence says, "Don't bother to defend, it's senseless."
Terence hits you with a +0 mace.
You shoot an arrow. The arrow barely misses Terence.
Terence hits you with a +0 mace.
You shoot an arrow.
The arrow hits Terence but does no damage.
Terence hits you with a +0 mace.
You shoot an arrow. The arrow closely misses Terence.
Terence hits you with a +0 mace!
You die...
Terence says, "Rest in peace."

#########
#####.#.#.#.############
#.......................
#.###.......##..###.....
#.##...@................
#.###..@....##..###.....
#.##.........#..........
#.###.......##.####.####
#.##.....%...#.# #.####
#.###.#.#.#.##.# #.....
#..........)...# ######
###########%#### #######
#.# #.....#


You could see Terence.

Vanquished Creatures
  A gnoll (D:1)
  2 dart slugs (D:1)
  2 ball pythons (D:1)
  A bat (D:1)
  2 endoplasms (D:1)
  A giant cockroach (D:1)
  4 goblins (D:1)
  4 hobgoblins (D:1)
  4 jackals (D:1)
  3 kobolds (D:1)
  A frilled lizard (D:1)
  A rat (D:1)
26 creatures vanquished.

Notes
Turn   | Place    | Note
-------+----------+-------------------------------------------
     0 | D:1      | qw the Deep Elf Hunter began the quest for the Orb.
     0 | D:1      | Reached XP level 1. HP: 12/12 MP: 3/3
     0 | D:1      | 0 ||| qw: Version: 0.3-a-155-g5e7d8dd
     0 | D:1      | 0 ||| qw: Game counter: 2629
     0 | D:1      | 0 ||| qw: Melee chars always use a shield: true
     0 | D:1      | 0 ||| qw: God list: Okawaru
     0 | D:1      | 0 ||| qw: Allow faded altars: false
     0 | D:1      | 0 ||| qw: Do Orc after clearing Dungeon:15 true
     0 | D:1      | 0 ||| qw: Do second Lair branch before Depths: true
     0 | D:1      | 0 ||| qw: Lair rune preference: random
     0 | D:1      | 0 ||| qw: Goals: Normal
     0 | D:1      | 0 ||| PLANNING D:1-11
   103 | D:1      | Reached skill level 6 in Ranged Weapons
   103 | D:1      | Reached XP level 2. HP: 12/16 MP: 4/4
   111 | D:1      | HP: 3/16 [jackal (3)]
   300 | D:1      | Reached XP level 3. HP: 20/20 MP: 5/5
   641 | D:1      | Reached skill level 7 in Ranged Weapons
   725 | D:1      | 725 ||| READING scroll labelled DOCWYPS VUUC.
   726 | D:1      | 726 ||| READING scroll labelled SEEGAS HAOR.
   727 | D:1      | 727 ||| READING scroll labelled WEUBUO LOAHENOGG.
   728 | D:1      | 728 ||| READING scroll labelled DAMIPE QUPNI.
   729 | D:1      | 729 ||| DROPPING scroll of butterflies.
   754 | D:2      | Noticed Terence
   756 | D:2      | 756 ||| STAIRDANCE
   761 | D:1      | Slain by Terence

Levels and vault maps discovered:
D:1:      dpeg_arrival_shelter, layout_loops_cross, st_stairs_4
D:2:      layout_rooms, minmay_misc_feat_encased, uniq_terence, uniq_sigmund

Skill      XL: |  1  2  3 |
---------------+----------+-----
Ranged Weapons | 6 7 |  7.0
Fighting       | |  1.5
Dodging        | |  2.4
Stealth        | |  1.2

Action                     || total
---------------------------++-------
   Fire: Shortbow          ||    71
    Use: Scroll            ||     4
 Armour: Leather armour    ||    25
  Dodge: Dodged            ||    21

Table legend:
 A = Non-vault XP
 B = Vault XP
 C = Vault XP percentage of total XP
 D = Non-vault monster count
 E = Vault monster count
 F = Vault count percentage of total count
                 A         B        C        D         E       F
            +---------+---------+-------+---------+---------+-------
      Total |      58 |       7 |  10.8 |      23 |       3 |  11.5
            +---------+---------+-------+---------+---------+-------
        D:1 |      58 |       7 |  10.8 |      23 |       3 |  11.5
            +---------+---------+-------+---------+---------+-------
